 Dungeon Crawl Stone Soup version 0.22-a0-348-gd16d1391c7 (webtiles) character file.

8166 Kriby the Fighter (level 11, -7/88 HPs)
             Began as a Mummy Fighter on Apr 12, 2018.
             Was an Elder of Hepliaklqana.
             Mangled by an orc warrior
             ... wielding a +0 halberd
              (25 damage)
             ... on level 10 of the Dungeon.
             The game lasted 00:11:17 (8723 turns).

Kriby the Fighter (Mummy Fighter)                   Turns: 8723, Time: 00:11:17

Health: -7/88      AC: 16    Str: 20    XL:     11   Next: 6%
Magic:  11/11      EV:  5    Int: 10    God:    Hepliaklqana [****..]
Gold:   250        SH:  9    Dex: 12    Spells: 10/10 levels left

rFire    . . .     SeeInvis +   a - +0 war axe
rCold    + . .     Gourm    .   c - +0 shield
rNeg     + + +     Faith    .   n - +3 chain mail {rF+}
rPois    ∞         Spirit   .   r - +0 helmet
rElec    .         Reflect  .   u - +0 cloak
rCorr    .         Harm     .   t - +0 pair of gloves
MR       +....                  s - +0 pair of boots
Stlth    ..........             h - amulet of regeneration
HPRegen  0.64/turn              d - ring of see invisible
MPRegen  0.12/turn              m - ring of stealth

@: about to teleport
A: no food or potions, fire vulnerability, reduced essence, cold resistance 1,
negative energy resistance 3, torment resistance, unbreathing
a: Recall Ancestor, Ancestor Identity, Transference, Idealise, Renounce Religion


You were on level 10 of the Dungeon.
You worshipped Hepliaklqana.
Hepliaklqana was greatly pleased with you.
You were not hungry.

You visited 3 branches of the dungeon, and saw 12 of its levels.

You collected 362 gold pieces.
You spent 112 gold pieces at shops.

Inventory:

Hand Weapons
 a - a +0 war axe (weapon)
Armour
 c - a +0 shield (worn)
 n - a +3 chain mail of fire resistance (worn)
 r - a +0 helmet (worn)
 s - a +0 pair of boots (worn)
 t - a +0 pair of gloves (worn)
 u - a +0 cloak (worn)
Jewellery
 d - a ring of see invisible (left hand)
 h - an amulet of regeneration (around neck)
 j - an uncursed amulet of guardian spirit
 k - an uncursed amulet of rage {unknown}
 m - a ring of stealth (right hand)
 w - an uncursed ring of poison resistance {unknown}
Wands
 p - a wand of random effects (47)
 v - a wand of polymorph (12)
Scrolls
 b - 2 scrolls of fog {unknown}
 e - 8 scrolls of identify
 f - 4 scrolls of teleportation
 i - 3 scrolls of remove curse
 l - a scroll of fear
 o - 2 scrolls of random uselessness {unknown}
 q - a scroll of amnesia
Potions
 g - 2 potions of mutation
Miscellaneous
 x - a lightning rod (1/4)


   Skills:
 * Level 13.5 Fighting
 + Level 8.3 Axes
 + Level 3.2 Armour
 + Level 3.2 Shields


You had 10 spell levels left.
You didn't know any spells.

Dungeon Overview and Level Annotations

Branches:
Dungeon (10/15)            Temple (1/1) D:4            Lair (1/6) D:9
    Orc: D:9-12

Altars:
Ashenzari
Cheibriados
Dithmenos
Elyvilon
Fedhas
Gozag
Hepliaklqana
Kikubaaqudgha
Makhleb
Nemelex Xobeh
Okawaru
Qazlal
Ru
Sif Muna
Trog
Uskayaw
Vehumet
Wu Jian
Xom
Yredelemnul
Zin
The Shining One

Shops:
D:8 *   D:10 *

Annotations:
D:10 1 transporter


Innate Abilities, Weirdness & Mutations

You do not eat or drink.
Your flesh is vulnerable to fire.
You are immune to poison.
Your flesh is cold resistant. (rC+)
You are immune to negative energy. (rN+++)
You are immune to unholy pain and torment.
You can survive without breathing.
Your life essence is reduced to manifest your ancestor. (-10% HP)


Message History

You hit the iguana.
Demise hits the orc with a dagger of draining!
The orc dies!
The orc warrior hits you with a halberd!
The iguana bites you but does no damage.
There are monsters nearby!
You are too injured to fight recklessly!
There are monsters nearby!
You are too injured to fight recklessly!
There are monsters nearby!
You are too injured to fight recklessly!
The orc warrior hits you from afar with a halberd!!
* * * LOW HITPOINT WARNING * * *
Demise closely misses the orc warrior.
You can't drink.
As you read the scroll of teleportation, it crumbles to dust.
You feel strangely unstable.
The iguana bites you but does no damage.
The orc warrior hits you from afar with a halberd!!
You die...

#.......####...## ##.##..
###......## ##...##
##..... .........#
##...###...... ........##
##............ ........#
#............. ........##
##............>
###......##
##....##...#....
##...)..###...#####.......
#......R)@....# #.......
#......ol(...## ##......
..........##.(# #......
..........####.# ##.....
..#......## #.## ##.##..
#.....## #..# ##.####.
##...# #..# ##.## ## #.##
##.# #.## # #. #.# ###


You could see the friendly Demise the hexer, an orc warrior and an iguana.

Vanquished Creatures
  A two-headed ogre (D:9)
  3 centaur skeletons
  A troll (shapeshifter) (D:9)
  A hippogriff (D:8)
  5 yaks (D:10)
  A hell hound (D:9)
  A water moccasin (D:7)
  3 orc warriors
  2 ice beasts
  A sky beast (D:6)
  A black bear (D:8)
  5 ogres
  A necrophage (D:7)
  A centaur (D:3)
  3 bullfrogs
  A wyvern zombie (D:6)
  2 scorpions (D:3)
  A killer bee (D:9)
  2 howler monkeys (D:8)
  2 crimson imps
  A bullfrog zombie (D:5)
  2 centaur zombies
  3 jellies
  A bullfrog skeleton (D:10)
  4 orc priests
  5 hounds
  2 orc wizards
  An iguana (D:4)
  4 worker ants
  A howler monkey zombie (D:10)
  A worker ant zombie (D:9)
  3 gnolls (D:5)
  6 adders
  2 shadow imps
  2 oozes
  6 worms
  4 dart slugs
  4 leopard geckos
  30 orcs
  9 bats
  8 giant cockroaches
  10 goblins
  6 hobgoblins
  14 jackals
  4 quokkas
  6 ball pythons
  8 frilled lizards
  4 kobolds
  A leopard gecko skeleton (D:3)
  A leopard gecko zombie (D:5)
  A quokka zombie (D:7)
  10 rats
202 creatures vanquished.

Vanquished Creatures (collateral kills)
  A two-headed ogre (D:10)
  Pikel (D:9)
  A wolf spider (D:9)
  A hippogriff (D:6)
  2 yaks (D:10)
  A hell hound (D:9)
  An ice beast (D:7)
  A black bear (D:6)
  2 centaurs
  2 killer bees (D:10)
  A water moccasin skeleton (D:6)
  3 howler monkeys
  A crimson imp (D:6)
  A hound (D:6)
  2 orc priests
  A centaur skeleton (D:5)
  4 orc wizards
  A worker ant (D:8)
  A hound zombie (D:8)
  A howler monkey zombie (D:7)
  5 adders
  A white imp (D:4)
  12 orcs
  A jackal (D:10)
  A frilled lizard (D:4)
  A quokka skeleton (D:4)
50 creatures vanquished.

Vanquished Creatures (others)
  2 slaves (D:9)
  A hungry ghost (D:9)
  A hound (D:9)
  2 hexers (D:9)
6 creatures vanquished.

Grand Total: 258 creatures vanquished

Notes
Turn   | Place    | Note
-------+----------+-------------------------------------------
     0 | D:1      | Kriby the Mummy Fighter began the quest for the Orb.
     0 | D:1      | Reached XP level 1. HP: 18/18 MP: 1/1
    47 | D:1      | Reached XP level 2. HP: 4/24 MP: 2/2
   722 | D:1      | Reached XP level 3. HP: 30/30 MP: 3/3
   729 | D:1      | Reached skill level 4 in Fighting
  1155 | D:2      | Found a radiant altar of Vehumet.
  1215 | D:2      | Reached XP level 4. HP: 37/38 MP: 4/4
  1313 | D:2      | Found a shattered altar of Ashenzari.
  1322 | D:2      | Found a white marble altar of Elyvilon.
  2238 | D:3      | Reached skill level 5 in Fighting
  2296 | D:3      | Noticed a centaur
  2298 | D:3      | Killed a centaur
  2298 | D:3      | Reached XP level 5. HP: 27/44 MP: 5/5
  2383 | D:3      | Reached XP level 6. HP: 38/52 MP: 6/6
  2443 | D:3      | Reached skill level 6 in Fighting
  2482 | D:3      | Found a faded altar of an unknown god.
  2842 | D:4      | Found a staircase to the Ecumenical Temple.
  2903 | Temple   | Entered the Ecumenical Temple
  3160 | Temple   | Became a worshipper of Hepliaklqana the Forgotten
  3850 | D:5      | Entered Level 5 of the Dungeon
  3851 | D:5      | Reached XP level 7. HP: 53/53 MP: 7/7
  3881 | D:5      | Reached skill level 7 in Fighting
  3948 | D:5      | Reached * piety under Hepliaklqana
  4512 | D:6      | Reached skill level 8 in Fighting
  4611 | D:6      | Noticed a hippogriff
  4612 | D:6      | Reached XP level 8. HP: 38/62 MP: 8/8
  4615 | D:6      | Killed a hippogriff
  4691 | D:6      | Reached skill level 5 in Axes
  4700 | D:6      | Reached skill level 9 in Fighting
  5150 | D:6      | Reached skill level 10 in Fighting
  5151 | D:6      | Reached XP level 9. HP: 46/70 MP: 9/9
  5332 | D:6      | Reached ** piety under Hepliaklqana
  5333 | D:6      | Remembered your ancestor Demise as a hexer
  5813 | D:7      | Reached skill level 11 in Fighting
  6584 | D:8      | Reached *** piety under Hepliaklqana
  6666 | D:8      | Reached skill level 12 in Fighting
  6666 | D:8      | Reached XP level 10. HP: 62/80 MP: 10/10
  6827 | D:8      | Found Jaeps's Changing Room.
  6841 | D:8      | Bought a potion of mutation for 112 gold pieces
  7026 | D:9      | Noticed a two-headed ogre
  7033 | D:9      | Noticed a wolf spider
  7033 | D:9      | a two-headed ogre changed into a wolf spider
  7141 | D:9      | Killed a wolf spider
  7232 | D:9      | Noticed Pikel
  7246 | D:9      | Killed Pikel
  7496 | D:9      | Found a staircase to the Lair.
  7541 | D:9      | Found a sparkling altar of Nemelex Xobeh.
  7973 | Lair:1   | Entered Level 1 of the Lair of Beasts
  8017 | D:9      | Noticed a two-headed ogre
  8025 | D:9      | Killed a two-headed ogre
  8025 | D:9      | Reached skill level 13 in Fighting
  8028 | D:10     | Entered Level 10 of the Dungeon
  8183 | D:10     | Reached **** piety under Hepliaklqana
  8265 | D:10     | Noticed a two-headed ogre
  8291 | D:10     | Killed a two-headed ogre
  8379 | D:10     | Found Oqathut's Assorted Antiques.
  8435 | D:10     | Reached XP level 11. HP: 79/88 MP: 11/11
  8629 | D:10     | Found a transporter.
  8723 | D:10     | Mangled by an orc warrior

Vault maps used:
D:1:      doesnt_arrival_eight_statues
D:2:      lemuel_crystal_altar, chequers_temple_overflow_statue_of_worship
D:3:      cheibrodos_helix_gallery, chequers_ecumenical_altar_lobes
D:4:      minmay_temple_entry_grid, first_ration, minmay_fire_ice_demons
D:8:      nicolae_transmutations_shop
D:9:      nemelex_xobeh_ov_fountains_minmay, minmay_lair_entry_lava, uniq_pikel
D:10:     gammafunk_corrupted_shrine, serial_shops,
          nicolae_shop_overgrown_old_shop
Temple:   dpeg_five_rooms_temple

Skill      XL: |  1  2  3  4  5  6  7  8  9 10 |
---------------+-------------------------------+-----
Axes           | 2 3 4 5 7 8 |  8.3
Fighting       | 4 5 6 8 10 12 13 | 13.5
Armour         | 3 |  3.2
Shields        | 3 |  3.2

Action                   |  1- 3 |  4- 6 |  7- 9 | 10-12 || total
-------------------------+-------+-------+-------+-------++-------
Melee: War axe           |   184 |   221 |   365 |   162 ||   932
Invok: Ancestor Identity |       |     1 |       |       ||     1
       Ancestor Life: He |       |       |     1 |       ||     1
Evoke: Lightning rod     |       |       |       |     4 ||     4
       Wand              |       |       |       |     2 ||     2
  Use: Scroll            |       |       |       |    11 ||    11
 Stab: Distracted        |       |       |     4 |     1 ||     5
       Confused          |       |       |       |     2 ||     2
Armor: Scale mail        |   133 |    31 |       |       ||   164
       Chain mail        |       |   101 |   284 |    95 ||   480
Dodge: Dodged            |    64 |    55 |    65 |    42 ||   226
Block: Shield            |   121 |    96 |   183 |    80 ||   480

Table legend:
 A = Spawn XP
 B = Non-spawn XP
 C = Spawn XP percentage of total XP
 D = Spawn monster count
 E = Non-spawn monster count
 F = Spawn count percentage of total count
 G = Total turns spent on level
                    A         B        C        D         E        F      G
               +---------+---------+-------+---------+---------+-------+---------
         Total |       0 |   11667 |   0.0 |       0 |     252 |   0.0 |  8723
               +---------+---------+-------+---------+---------+-------+---------
           D:1 |       0 |      53 |   0.0 |       0 |      32 |   0.0 |   906
           D:2 |       0 |      90 |   0.0 |       0 |      33 |   0.0 |   938
           D:3 |       0 |     339 |   0.0 |       0 |      29 |   0.0 |   959
           D:4 |       0 |     250 |   0.0 |       0 |      13 |   0.0 |   790
           D:5 |       0 |     335 |   0.0 |       0 |      24 |   0.0 |   587
           D:6 |       0 |    2134 |   0.0 |       0 |      35 |   0.0 |  1138
           D:7 |       0 |     799 |   0.0 |       0 |      14 |   0.0 |   656
           D:8 |       0 |    1942 |   0.0 |       0 |      24 |   0.0 |   787
           D:9 |       0 |    3049 |   0.0 |       0 |      22 |   0.0 |   979
          D:10 |       0 |    2676 |   0.0 |       0 |      26 |   0.0 |   678
               +---------+---------+-------+---------+---------+-------+---------
